AoeStats
← Sheldor

Arena

511752935Analyzed
3v3 RM · 11d ago on Oct 6, 2026· 44m 26s· 6 players
Game mode
Random Map
Map size
Normal (6 player)
Population
200
Speed
Normal
Resources
Standard
Victory
Conquest
Starting age
Dark Age
Ending age
Imperial Age
RankedLock teamsTeams togetherTeam positionsShared explorationLock speedFull tech treeHidden civsTurbo modeCheats
Victory
Defeat
🇨🇳 Varangians · China
1113
+13
🇨🇳 Franks · China
1096
+14
🇭🇰 Spanish · Hong Kong SAR China
1061
+16
vs
🇪🇸 Britons · Spain
1063
-15
🇭🇰 Bohemians · Hong Kong SAR China
1050
-14
🇬🇧 Britons · United Kingdom
1043
-14
Journey
10:47 Feudal Age
12:06 Loom
14:37 Castle Age
12:54 Double-Bit Axe
12:58 Horse Collar
16:01 Bow Saw
21:41 Fervor
24:37 Heavy Plow
27:16 Wheelbarrow
30:40 Imperial Age
28:54 Forging
29:30 Hand Cart
28:43 Pikeman
29:24 Squires
29:10 Arson
29:17 Fletching
28:52 Elite Skirmisher
30:27 Wagenburg Tactics
30:21 Bodkin Arrow
31:50 Chemistry
31:43 Iron Casting
31:09 Scale Mail Armor
31:45 Conscription
32:14 Siege Engineers
32:30 Ballistics
33:32 Chain Mail Armor
34:18 Padded Archer Armor
34:45 Halberdier
40:24 Heavy Scorpion
42:48 Hussite Reforms
44:53 Blast Furnace
44:24 Plate Mail Armor
43:55 Bracer
psycomp3
9:35 Feudal Age
15:04 Castle Age
13:01 Double-Bit Axe
13:34 Horse Collar
16:10 Fletching
18:48 Loom
22:08 Wheelbarrow
21:31 Bodkin Arrow
22:28 Gold Mining
25:04 Padded Archer Armor
32:38 Imperial Age
30:39 Town Watch
30:48 Stone Mining
32:55 Leather Archer Armor
33:03 Hand Cart
33:08 Bow Saw
34:12 Conscription
35:07 Yeomen
34:53 Bracer
35:19 Elite Longbowman
36:29 Ballistics
38:18 Ring Archer Armor
40:31 Forging
40:36 Arrowslits
Koopa
10:45 Feudal Age
9:55 Loom
11:48 Double-Bit Axe
14:42 Castle Age
14:29 Fletching
15:38 Bow Saw
31:24 Squires
33:50 Horse Collar
37:21 Pikeman
Sheldor
10:25 Feudal Age
11:41 Double-Bit Axe
14:25 Castle Age
19:23 Bow Saw
20:03 Horse Collar
22:42 Wheelbarrow
24:21 Loom
24:51 Hand Cart
24:21 Town Watch
27:41 Imperial Age
25:20 Scale Barding Armor
25:58 Sanctity
25:49 Fervor
25:50 Redemption
25:45 Gold Mining
26:41 Inquisition
27:00 Town Patrol
27:24 Chain Barding Armor
28:44 Block Printing
28:54 Illumination
29:05 Theocracy
29:12 Plate Barding Armor
29:44 Bloodlines
29:48 Husbandry
37:18 Atonement
2026
0:29 Loom
10:19 Feudal Age
15:17 Castle Age
20:28 Fletching
31:10 Imperial Age
30:40 Bodkin Arrow
31:52 Cavalier
33:10 Town Watch
35:05 Murder Holes
35:32 Husbandry
35:03 Elite Skirmisher
37:49 Paladin
39:11 Wheelbarrow
41:40 Scale Barding Armor
41:46 Forging
43:28 Gold Mining
44:19 Chain Barding Armor
45:23 Iron Casting
44:42 Stone Mining
45:09 Hand Cart
Nicholas Li
9:49 Feudal Age
10:42 Double-Bit Axe
14:09 Castle Age
12:32 Horse Collar
14:40 Wheelbarrow
16:43 Bow Saw
17:14 Heavy Plow
24:08 Hand Cart
24:32 Gold Mining
25:15 Stone Mining
26:37 Loom
26:49 Town Watch
31:19 Imperial Age
29:11 Bloodlines
29:01 Husbandry
29:12 Scale Barding Armor
29:44 Forging
30:24 Chain Barding Armor
31:41 Iron Casting
31:02 Vendel Legacy
31:35 Cavalier
33:13 Plate Barding Armor
32:24 Light Cavalry
33:52 Crop Rotation
34:10 Conscription
35:13 Two-Man Saw
36:29 Blast Furnace
36:43 Fortified Wall
36:59 Masonry
40:35 Architecture
45:06 Stone Shaft Mining
Connection lost

Rejoining the realm…

Still unreachable

The connection could not be restored.

Session expired

The server has moved on; the page needs a fresh start.